 Dungeon Sprint DCSS version 0.20.1-1-g8b1a95d (webtiles) character file.

29175 potatolord6000 the Messiah (level 13, -12/139 HPs)
             Began as a Hill Orc Monk on Sept 1, 2017.
             Was the Champion of Beogh.
             Mangled by an orc knight
             ... wielding a +0 great sword
              (19 damage)
             ... while paralysed by a great orb of eyes
             ... in the Dungeon (Sprint VII: "The Pits").
             The game lasted 00:21:49 (3306 turns).

potatolord6000 the Messiah (Hill Orc Monk)          Turns: 3306, Time: 00:21:50

Health: -12/139    AC: 28    Str: 22    XL:     13   Next: 43%
Magic:  9/27       EV:  2    Int: 10    God:    Beogh [******]
Gold:   35         SH:  0    Dex: 16    Spells: 12/12 levels left

rFire    . . .     SeeInvis .   x - +6 great sword (drain) (curse)
rCold    . . .     Gourm    .   (shield currently unavailable)
rNeg     . . .     Faith    .   u - +5 plate armour
rPois    .         Spirit   .   (no helmet)
rElec    .         Reflect  .   v - +0 cloak
rCorr    .         Harm     .   w - +0 pair of gloves
MR       .....     NoTele   +   q - +0 pair of boots
Stlth    ..........             B - amulet of regeneration
Regen    0.8/turn               j - +3 ring of strength
MPRegen  0.2/turn               p - +3 ring of dexterity

@: paralysed
A: walk on water
a: Smiting, Recall Orcish Followers, Give Item to Named Follower, Resurrection,
Renounce Religion


You were in the Dungeon.
You worshipped Beogh.
Beogh was exalted by your worship.
You were not hungry.

You visited 1 branch You collected 35 gold pieces.

Inventory:

Hand Weapons
 b - a +2 long sword of flaming
 x - a cursed +6 great sword of draining (weapon)
Armour
 q - a +0 pair of boots (worn)
 u - a +5 plate armour (worn)
 v - a +0 cloak (worn)
 w - a +0 pair of gloves (worn)
Jewellery
 j - a +3 ring of strength (left hand)
 p - a +3 ring of dexterity (right hand)
 r - an uncursed ring of stealth
 t - the cursed ring "Zenluorual" {rElec MP+9 Str-3}
   (You found it in the Dungeon)

   [ring of strength]

   It affects your strength (-3).
   It insulates you from electricity.
   It affects your magic capacity (+9).
   It has a curse placed upon it.
 B - an amulet of regeneration (around neck)
 D - an uncursed ring of magical power
Scrolls
 f - a scroll of recharging
 i - a scroll of blinking
 k - 4 scrolls of remove curse
 l - 5 scrolls of amnesia
 m - a scroll of summoning
 s - 4 scrolls of identify
 y - 2 scrolls of fog
 z - 2 scrolls of fear
Potions
 a - a potion of invisibility
 d - 8 potions of curing
 e - 4 potions of heal wounds
 g - a potion of magic
 h - 4 potions of berserk rage
Comestibles
 c - 12 bread rations
 n - 40 fruits
 o - 7 meat rations
 A - a royal jelly


   Skills:
 + Level 19.8 Fighting
 + Level 18.5 Long Blades
 + Level 18.3 Armour
 - Level 2.8 Dodging
 - Level 1.5 Stealth
 + Level 20.9 Invocations


You had 12 spell levels left.
You didn't know any spells.

Dungeon Overview and Level Annotations

Branches:
Dungeon (1/1)

Altars:
Ashenzari
Cheibriados
Dithmenos
Elyvilon
Fedhas
Gozag
Hepliaklqana
Kikubaaqudgha
Makhleb
Nemelex Xobeh
Okawaru
Qazlal
Ru
Sif Muna
Trog
Uskayaw
Vehumet
Xom
Yredelemnul
Zin
The Shining One
Beogh
Jiyva
Lugonu


Message History

The orc knight hits you but does no damage.
The alligator bites you!
* * * LOW HITPOINT WARNING * * *
The alligator barely misses you.
The orc knight hits you from afar with a halberd!
* * * LOW HITPOINT WARNING * * *
The orc knight moves out of view.
The orc knight hits you but does no damage.
The great orb of eyes bites you.
* * * LOW HITPOINT WARNING * * *
The orc knight hits you with a great sword of electrocution.
* * * LOW HITPOINT WARNING * * *
The alligator bites you!
* * * LOW HITPOINT WARNING * * *
The alligator tail-slaps you but does no damage.
The deep elf knight hits you but does no damage.
The orc knight no longer looks unusually strong. x2
The orc knight hits you with a great sword!!
You die...
Beogh appreciates the orc knight's killing of a heretic priest.

.+ .+ +#
+###############################+
.................................
..................)..............
.##############''##############..
.# #..eo..# #.o .# #.No@o.# #4(
.# #.)toG.# #.. o# ###oc### #..
.# .)oo #.. )# ...). #.. .#
##....# #.. .# #....# #.. .#
##..## #.. ## #++


You could see a naga warrior, a yaktaur captain, an alligator, 7 orc knights, a
great orb of eyes and a deep elf knight.

Vanquished Creatures
  A tentacled monstrosity (D)
  A daeva (D)
  A ghost moth (D)
  An orc warlord (D)
  Josephine (D)
  A great orb of eyes (D)
  A centaur warrior (D)
  A death knight (D)
  2 death yaks (D)
  A vampire mage (D)
  A soul eater (D)
  A sun demon (D)
  A large abomination (D)
  An unseen horror (D)
  2 lindwurms (D)
  A sea snake (D)
  A phantasmal warrior (D)
  4 wolf spiders (D)
  An orc sorcerer (D)
  2 deep elf magi (D)
  A necromancer (D)
  A cyclops (D)
  3 manticores (D)
  A naga mage (D)
  2 black mambas (D)
  An orange demon (D)
  A guardian serpent (D)
  A smoke demon (D)
  A spiny frog (D)
  A rime drake (D)
  A komodo dragon (D)
  2 kobold demonologists (D)
  2 polar bears (D)
  A troll (D)
  A tyrant leech (D)
  2 wind drakes (D)
  2 bog bodies (D)
  A ynoxinul (D)
  2 shadows (D)
  2 fire bats (D)
  3 wraiths (D)
  A wyvern (D)
  A spriggan (D)
  A tarantella (D)
  5 yaks (D)
  A chaos spawn (D)
  A soldier ant (D)
  5 insubstantial wisps (D)
  A naga (D)
  4 floating eyes (D)
  An ice beast (D)
  A swamp drake (D)
  An eye of draining (D)
  A phantom (D)
  A necrophage (D)
  A big kobold (D)
  A bullfrog (D)
  A gnoll sergeant (D)
  An earth elemental (D)
  4 killer bees (D)
  3 wights (D)
  A crimson imp (D)
  A hound (D)
  2 jellies (D)
  A gnoll shaman (D)
  An iron imp (D)
  A worker ant (D)
  A hell rat (D)
  5 gnolls (D)
  A river rat (D)
  An ooze (D)
  An adder zombie (D)
  An adder skeleton (D)
  An adder simulacrum (D)
  A bat skeleton (D)
  A giant cockroach (D)
  A goblin (D)
  2 hobgoblins (D)
  3 kobolds (D)
  A bat (D)
  2 giant cockroach simulacra (D)
  A leopard gecko simulacrum (D)
  3 quokka skeletons (D)
127 creatures vanquished.

Vanquished Creatures (collateral kills)
  A minotaur (D)
  A slime creature (D)
  A naga (D)
  A kobold (D)
  A bat (D)
5 creatures vanquished.

Vanquished Creatures (others)
  An orc warlord (D)
  2 orc knights (D)
  An orc wizard (D)
  A goblin (D)
5 creatures vanquished.

Grand Total: 137 creatures vanquished

Notes
Turn   | Place    | Note
-------+----------+-------------------------------------------
     0 | D        | potatolord6000 the Hill Orc Monk began the quest for the Orb.
     0 | D        | Reached XP level 1. HP: 19/19 MP: 1/1
    21 | D        | Reached skill level 1 in Armour
    54 | D        | Found a bloodstained altar of Trog.
    54 | D        | Found a deep blue altar of Sif Muna.
    54 | D        | Found a viscous altar of Jiyva.
    54 | D        | Found a hazy altar of Hepliaklqana.
    54 | D        | Found an opulent altar of Gozag.
    55 | D        | Found a glowing golden altar of the Shining One.
    55 | D        | Found a glowing silver altar of Zin.
    55 | D        | Found a basalt altar of Yredelemnul.
    55 | D        | Found a shimmering altar of Xom.
    55 | D        | Found a sacrificial altar of Ru.
    55 | D        | Found a stormy altar of Qazlal.
    55 | D        | Found an iron altar of Okawaru.
    55 | D        | Found a sparkling altar of Nemelex Xobeh.
    55 | D        | Found a burning altar of Makhleb.
    55 | D        | Found a blossoming altar of Fedhas.
    55 | D        | Found a white marble altar of Elyvilon.
    55 | D        | Found a shadowy altar of Dithmenos.
    55 | D        | Found a snail-covered altar of Cheibriados.
    59 | D        | Found a radiant altar of Vehumet.
    59 | D        | Found a corrupted altar of Lugonu.
    59 | D        | Found a roughly hewn altar of Beogh.
    60 | D        | Found a hide-covered altar of Uskayaw.
    60 | D        | Found an ancient bone altar of Kikubaaqudgha.
    60 | D        | Found a shattered altar of Ashenzari.
    69 | D        | Became a worshipper of Beogh the Brigand
    69 | D        | Reached * piety under Beogh
    69 | D        | Reached ** piety under Beogh
    91 | D        | Noticed a floating eye
    97 | D        | Paralysed by a floating eye for 3 turns
   100 | D        | Reached skill level 1 in Invocations
   100 | D        | Reached XP level 2. HP: 13/28 MP: 1/3
   105 | D        | Killed a floating eye
   105 | D        | Reached skill level 5 in Armour
   105 | D        | Reached skill level 5 in Invocations
   105 | D        | Reached XP level 3. HP: 19/38 MP: 1/7
   105 | D        | Reached XP level 4. HP: 23/45 MP: 1/8
   105 | D        | Reached XP level 5. HP: 26/51 MP: 1/9
   265 | D        | Noticed a phantom
   268 | D        | Reached *** piety under Beogh
   268 | D        | Reached skill level 6 in Invocations
   270 | D        | Killed a phantom
   270 | D        | Reached skill level 7 in Invocations
   270 | D        | Reached XP level 6. HP: 45/61 MP: 3/11
   385 | D        | Noticed a deep elf mage
   386 | D        | Noticed a demonic crawler
   387 | D        | Noticed a demonic crawler
   387 | D        | Noticed a neqoxec
   389 | D        | Noticed a necrophage
   390 | D        | Reached **** piety under Beogh
   393 | D        | HP: 3/62 [demonic crawler[a deep elf mage] (4)]
   397 | D        | Killed a deep elf mage
   397 | D        | Reached skill level 10 in Fighting
   397 | D        | Reached skill level 10 in Invocations
   397 | D        | Reached XP level 7. HP: 26/72 MP: 8/14
   655 | D        | Noticed a smoke demon
   657 | D        | Killed a smoke demon
   657 | D        | Reached skill level 10 in Long Blades
   657 | D        | Reached skill level 11 in Invocations
   657 | D        | Reached XP level 8. HP: 66/82 MP: 11/16
   821 | D        | Reached ***** piety under Beogh
   821 | D        | Reached skill level 10 in Armour
  1127 | D        | Noticed a death yak
  1131 | D        | Killed a death yak
  1131 | D        | Reached skill level 12 in Invocations
  1131 | D        | Reached XP level 9. HP: 80/91 MP: 7/18
  1143 | D        | Reached skill level 13 in Invocations
  1469 | D        | Noticed a manticore
  1472 | D        | Killed a manticore
  1472 | D        | Gained Bogric as an ally
  1740 | D        | Noticed a manticore
  1740 | D        | Noticed Josephine
  1742 | D        | Killed a manticore
  1742 | D        | Reached skill level 14 in Invocations
  1744 | D        | Killed Josephine
  1744 | D        | Reached XP level 10. HP: 103/103 MP: 10/20
  1758 | D        | Reached ****** piety under Beogh
  1767 | D        | Reached skill level 15 in Invocations
  1838 | D        | Noticed a black mamba
  1840 | D        | Killed a black mamba
  1845 | D        | Paralysed by a floating eye for 3 turns
  1891 | D        | Noticed an orc sorcerer
  1896 | D        | Killed an orc sorcerer
  1896 | D        | Reached skill level 15 in Fighting
  1897 | D        | Killed an unseen horror
  1897 | D        | Reached XP level 11. HP: 109/112 MP: 15/22
  1900 | D        | Reached skill level 16 in Invocations
  1902 | D        | Noticed a sun demon
  1906 | D        | Noticed a lindwurm
  1911 | D        | Noticed a wolf spider
  1915 | D        | Killed a lindwurm
  1920 | D        | Killed a wolf spider
  2101 | D        | Noticed a cyclops
  2102 | D        | Noticed a large abomination
  2110 | D        | Reached skill level 15 in Long Blades
  2112 | D        | Reached skill level 17 in Invocations
  2128 | D        | Killed a large abomination
  2128 | D        | Reached skill level 15 in Armour
  2131 | D        | Killed a cyclops
  2346 | D        | Noticed a death yak
  2346 | D        | Noticed a lindwurm
  2350 | D        | Killed a lindwurm
  2356 | D        | Killed a death yak
  2356 | D        | Reached XP level 12. HP: 87/125 MP: 9/24
  2358 | D        | Reached skill level 18 in Invocations
  2361 | D        | Noticed a vampire mage
  2365 | D        | Killed a vampire mage
  2676 | D        | Noticed a death knight
  2680 | D        | Killed a death knight
  2746 | D        | Gained Ugbert as an ally
  2820 | D        | Noticed a minotaur
  2820 | D        | Noticed a daeva
  2820 | D        | Noticed a ghost moth
  2824 | D        | Killed a daeva
  2824 | D        | Killed a minotaur
  2828 | D        | Reached skill level 19 in Invocations
  2832 | D        | Killed a ghost moth
  2843 | D        | Got the +7 falchion of the Forest {flame, rElec Stlth+}
  2855 | D        | Got the +10 great mace of Intimidation {crush, rPois rN+ MR- Int+10}
  3049 | D        | Noticed a great orb of eyes
  3051 | D        | Noticed a sun demon
  3052 | D        | Noticed a soul eater
  3053 | D        | Killed a great orb of eyes
  3069 | D        | Noticed a centaur warrior
  3072 | D        | Killed a centaur warrior
  3077 | D        | Noticed a tentacled monstrosity
  3078 | D        | Killed a sun demon
  3080 | D        | Reached skill level 20 in Invocations
  3080 | D        | Reached XP level 13. HP: 110/136 MP: 25/27
  3100 | D        | Killed a tentacled monstrosity
  3100 | D        | Gained Bogric as an ally
  3153 | D        | Got the cursed ring "Zenluorual" {rElec MP+9 Str-3}
  3287 | D        | Noticed an orc warlord
  3287 | D        | Noticed an orc warlord
  3290 | D        | Noticed a great orb of eyes
  3295 | D        | Noticed a yaktaur captain
  3295 | D        | Killed an orc warlord
  3303 | D        | Paralysed by a great orb of eyes for 6 turns
  3306 | D        | Mangled by an orc knight

Skill      XL: |  1  2  3  4  5  6  7  8  9 10 11 12 13 |
---------------+----------------------------------------+-----
Fighting       | 4 6 8 10 11 12 14 15 17 18 19 | 19.8
Armour         | 2 5 6 8 9 10 12 13 15 17 18 | 18.3
Long Blades    | 4 6 7 9 10 11 13 14 15 17 18 | 18.5
Invocations    | 1 5 7 10 11 12 14 15 17 20 | 20.9
Dodging        | |  2.8
Stealth        | |  1.5

Action                   |  1- 3 |  4- 6 |  7- 9 | 10-12 | 13-15 || total
-------------------------+-------+-------+-------+-------+-------++-------
Melee: Falchion          |    17 |     5 |       |       |       ||    22
       Long sword        |       |     7 |    46 |       |       ||    53
       Great sword       |       |       |       |   156 |    49 ||   205
Invok: Smiting           |       |     4 |    15 |    32 |    13 ||    64
       Give Item to Name |       |       |     1 |     1 |     1 ||     3
       Resurrection      |       |       |       |     1 |       ||     1
  Use: Potion            |       |     3 |       |    17 |     5 ||    25
       Scroll            |       |       |       |     4 |       ||     4
 Stab: Sleeping          |       |     2 |       |       |       ||     2
       Invisible         |       |       |       |     3 |     2 ||     5
       Distracted        |       |       |       |     1 |       ||     1
  Eat: Meat ration       |       |       |     2 |       |       ||     2
Armor: Robe              |     1 |     1 |       |       |       ||     2
       Chain mail        |       |    15 |    28 |       |       ||    43
       Plate armour      |       |       |     7 |   113 |    60 ||   180
Dodge: Dodged            |     7 |    16 |    25 |   100 |    42 ||   190
       Rpst.: Falchion   |     1 |     2 |       |       |       ||     3
       Long sword        |       |     4 |    10 |       |       ||    14
       Great sword       |       |       |       |    26 |     7 ||    33
